 Dungeon Crawl Stone Soup version 0.31-a0-960-g0fca184906 (webtiles) character file.

Game seed: 2588603054785582249

296 Arzdou the Changeling (level 6, 0/38 HPs)
             Began as an Octopode Shapeshifter on Oct 22, 2023.
             Slain by an ogre
             ... wielding a +0 giant club
              (6 damage)
             ... on level 4 of the Dungeon.
             The game lasted 00:07:58 (3611 turns).

Arzdou the Changeling (Octopode Shapeshifter)       Turns: 3611, Time: 00:07:59

Health: 0/38       AC:  1    Str: 14    XL:     6   Next: 34%
Magic:  6/6        EV: 13    Int: 14    God:
Gold:   262        SH:  0    Dex: 11    Spells: 5/5 levels left

rFire   + .          .
                       - Unarmed
rCold   . . .        (no shield)
rNeg    . . .        (helmet currently unavailable)
rPois   .            j - amulet of the acrobat
rElec   .            g - ring of flight
rCorr   .            h - ring of protection from fire
SInv    .            (no ring)
Will    .....        (no ring)
Stlth   ++           (no ring)
HPRegen 0.26/turn    (no ring)
MPRegen 0.10/turn    (no ring)
                     (no ring)

%: acrobat
@: beast-form, flying
A: beast (slay +3), almost no armour, amphibious, 8 rings, camouflage 1,
gelatinous body 1, (nimble swimmer 1), tentacles
a: Begin Untransformation


You were on level 4 of the Dungeon.
You were a hulking beast.
You visited 1 branch of the dungeon, and saw 4 of its levels.

You collected 262 gold pieces.

Inventory:

Hand Weapons
 o - a +2 demon trident of venom
Missiles
 l - a boomerang (quivered)
Jewellery
 g - a ring of flight (left tentacle)
 h - a ring of protection from fire (right tentacle)
 j - an amulet of the acrobat (around mantle)
Talismans
 b - a beast talisman
 c - a flux talisman
Wands
 q - a wand of digging (7)
Scrolls
 d - 3 scrolls of identify
 f - a scroll of poison
 k - a scroll of blinking {unknown}
 m - a scroll of amnesia {unknown}
 n - a scroll of silence {unknown}
Potions
 a - 2 potions of lignification
 i - 2 potions of curing {unknown}
 p - a potion of might {unknown}


   Skills:
 - Level 1.0 Fighting
 - Level 2.0 Dodging
 - Level 3.0 Unarmed Combat
 + Level 6.4 Shapeshifting


You had 5 spell levels left.
You didn't know any spells.
Your spell library contained the following spells:

 Spells                   Type           Power      Damage    Failure   Level
 Summon Small Mammal      Summ           0%         N/A       28%         1
 Cigotuvi's Dreadful Rot  Necr/Pois/Air  0%         N/A       41%         2
 Sublimation of Blood     Necr           0%         N/A       41%         2
 Call Canine Familiar     Summ           0%         N/A       65%         3
 Summon Guardian Golem    Hex/Summ       0%         N/A       65%         3
 Dispel Undead            Necr           0%         3d6       96%         4
 Petrify                  Tmut/Erth      0%         N/A       96%         4
 Irradiate                Conj/Tmut      0%         3d11      100%        5
 Death Channel            Necr           0%         N/A       100%        6


Dungeon Overview and Level Annotations

Branches:
Dungeon (4/15)
 Temple: D:4-7

Altars:
Okawaru

Annotations:
D:2 1 runed translucent door, Crazy Yiuf


Innate Abilities, Weirdness & Mutations

You are a hulking beast.
Your limbs bulge with bestial killing power. (Slay +3)
You cannot wear most types of armour.
You are amphibious.
You can wear up to eight rings at the same time.
Your skin changes colour to match your surroundings (Stealth+).
Your rubbery body absorbs attacks. (AC +1, EV +1)
((You are camouflaged when in or above water. (Stealth+)))
You have tentacles for arms and can constrict up to eight enemies at once.


Message History

The endoplasm closely misses you.
You barely miss the endoplasm.
The endoplasm is severely wounded.
The endoplasm freezes you.
You are frozen.
You tentacle-slap the endoplasm.
You kill the endoplasm!
There is an open door here.
As you open the door, it creaks loudly!
A dart slug comes into view.
Found a scroll labelled MIDUTO BEEVVOB.
There is an open door here.
You tentacle-slap the dart slug. You grab the dart slug.
You tentacle-slap the dart slug.
You kill the dart slug!
No target in view!
An iguana and an ogre come into view.
You see here a dart slug corpse.
There is an open door here.
You reach down and close the door.
You reach down and open the door.
The ogre shouts!
There are monsters nearby!
You barely miss the iguana. You grab the iguana. You constrict the iguana.
The iguana bites you.
You bludgeon the iguana!
The iguana is severely wounded.
You constrict the iguana. The iguana bites you!
You tentacle-slap the iguana.
You kill the iguana!
You bludgeon the ogre! You squeeze the ogre.
The ogre is heavily wounded.
The ogre hits you with a +0 giant club!
* * * LOW HITPOINT WARNING * * *
You are too injured to fight recklessly!
You are too injured to fight recklessly!
You tentacle-slap the ogre.
The ogre is heavily wounded.
The ogre hits you with a +0 giant club.
You die...

#..##...# ###..#..##.#..#.##..#..
#.......# #...####....#.##...##.
........##.###..##......#####..#.
#.......# ..#...#....#.## #..###
#.......# #l##........## ###..#
##......###..#.......## #...#
###..### ..O###..#.## ###..
#)..># ##..#....## #... ####...##
#.?.##h.## ###. ..##....# #.†O.##
+.. ........#
#####################.
...#....####...........#......##.
..###...>....................##..
...#......#..........#.....<.###.
..........##.......####........#.
...#.#..####.........#..#........
..^#.#.##.#.............#........


You could see an ogre.

Vanquished Creatures
  A jelly (D:4)
  An orc priest (D:4)
  2 iguanas (D:4)
  An orc wizard (D:4)
  A gnoll (D:4)
  6 adders
  A worm (D:3)
  4 dart slugs
  4 orcs (D:4)
  6 bats
  8 endoplasms
  3 giant cockroaches
  7 hobgoblins
  2 jackals
  8 kobolds
  3 quokkas
  4 ball pythons
  3 frilled lizards
  11 goblins
  7 rats
83 creatures vanquished.

Notes
Turn   | Place    | Note
-------+----------+-------------------------------------------
     0 | D:1      | Arzdou the Octopode Shapeshifter began the quest for the
                  | Orb.
     0 | D:1      | Reached XP level 1. HP: 13/13 MP: 1/1
    98 | D:1      | Reached XP level 2. HP: 18/18 MP: 2/2
   463 | D:1      | Reached XP level 3. HP: 18/23 MP: 3/3
   649 | D:1      | Reached skill level 4 in Shapeshifting
  1012 | D:2      | Reached XP level 4. HP: 17/28 MP: 4/4
  1086 | D:2      | Found an iron altar of Okawaru.
  1200 | D:2      | Found a runed translucent door.
  1201 | D:2      | Noticed Crazy Yiuf
  2136 | D:3      | Reached skill level 5 in Shapeshifting
  2166 | D:3      | Identified the +5 whip "ETAOIN SHRDLU" {heavy, rF- Str+5
                  | Dex+2}
  2501 | D:3      | Reached XP level 5. HP: 33/33 MP: 5/5
  2578 | D:3      | Found a faded altar of an unknown god.
  3162 | D:4      | Noticed a black bear
  3355 | D:4      | Reached skill level 6 in Shapeshifting
  3355 | D:4      | Reached XP level 6. HP: 23/38 MP: 6/6
  3611 | D:4      | Slain by an ogre

Illustrated notes

Levels and vault maps discovered:
D:1:      dpeg_arrival_court, layout_loops_ring, serial_bayou_ford_a,
          chequers_serial_rivers_micro_d
D:2:      layout_rooms, serial_co_window_serial, co_window_paths_b,
          co_window_of_opportunity_a, co_window_paths_b, co_window_corner_a,
          co_window_corner_a, co_window_corner_b, co_window_corner_b,
          co_window_corner_b, co_window_paths_d, glass_columns_a,
          glass_columns_a, glass_columns_b, glass_columns_a, basic_altar,
          uniq_crazy_yiuf_cottage
D:3:      layout_basic, shapermc_ecumenical_altar_mp_vishouse
D:4:      minmay_razor_zed, layout_cave_pools, dk_noncrumbling_4

Skill      XL: |  1  2  3  4  5 |
---------------+----------------+-----
Shapeshifting  | 4 5 6 |  6.4
Fighting       | |  1.0
Dodging        | |  2.0
Unarmed Combat | |  3.0

Action                     |  1- 3 |  4- 6 || total
---------------------------+-------+-------++-------
  Melee: Unarmed           |    71 |   111 ||   182
         Constrict         |    23 |    24 ||    47
         Tentacles         |    10 |    17 ||    27
         Punch             |     5 |     9 ||    14
  Throw: Boomerang         |       |    17 ||    17
    Use: Scroll            |     2 |     1 ||     3
         Potion            |       |     1 ||     1
   Stab: Sleeping          |     7 |     4 ||    11
 Armour: Skin              |    23 |    47 ||    70
  Dodge: Dodged            |    27 |    66 ||    93

Table legend: (Time is in decaauts)
 A = Elapsed time spent in this place.
 B = Non-inter-level travel time spent in this place.
 C = Inter-level travel time spent in this place.
 D = Time resting spent in this place.
 E = Time spent auto-exploring this place.
 F = Levels seen in this place.
 G = Mean time per level.
                   A        B        C        D        E       F      G
               +--------+--------+--------+--------+--------+-----+--------+
         Total |   3605 |   3413 |    192 |      0 |   2759 |   4 |  901.2 |
       Dungeon |   3605 |   3413 |    192 |      0 |   2759 |   4 |  901.2 |
               +--------+--------+--------+--------+--------+-----+--------+

Top non-repeatable levels by time:
     D:2: 1083 daAuts
     D:4: 916 daAuts
     D:3: 828 daAuts
     D:1: 777 daAuts
